 Dungeon Crawl Stone Soup version 0.30.1-3-gfc49f6343a (webtiles) character file.

Game seed: 18073947177664871531

2074 Wiggles the Cleaver (level 9, -4/74 (79) HPs)
             Began as a Minotaur Berserker on Aug 9, 2023.
             Was a Priest of Trog.
             Slain by a bullfrog (6 damage)
             ... on level 6 of the Dungeon.
             The game lasted 00:07:55 (5652 turns).

Wiggles the Cleaver (Minotaur Berserker)            Turns: 5652, Time: 00:07:56

HP:   -4/74 (79)    AC: 12    Str: 25    XL:     9   Next: 6%
MP:   8/8           EV: 10    Int:  4    God:    Trog [***...]
Gold: 289           SH:  0    Dex: 11    Spells: 8/8 levels left

rFire   . . .        a - +0 hand axe
rCold   . . .        (no shield)
rNeg    . . .        l - +0 chain mail
rPois   .            (helmet restricted)
rElec   .            p - +0 cloak
rCorr   .            (no gloves)
SInv    .            (no boots)
Will    .....        (no amulet) Stlth
                     g - ring of flight
HPRegen 0.32/turn    (no ring)
MPRegen 0.11/turn

%: no passive effects
@: on berserk cooldown, flying, slowed, drained, very slow
A: horns 2, retaliatory headbutt
a: Renounce Religion, Berserk, Trog's Hand


You were on level 6 of the Dungeon.
You worshipped Trog.
Trog was most pleased with you.
You visited 1 branch of the dungeon, and saw 7 of its levels.

You collected 439 gold pieces.
You spent 150 gold pieces at shops.

Inventory:

Hand Weapons
 a - a +0 hand axe (weapon)
Armour
 l - a +0 chain mail (worn)
 p - a +0 cloak (worn)
Jewellery
 g - a ring of flight (left hand)
Scrolls
 b - 4 scrolls of teleportation {unknown}
 e - 12 scrolls of identify {unknown}
 f - 4 scrolls of poison {unknown}
 i - a scroll of vulnerability {unknown}
 k - 3 scrolls of enchant weapon
 m - 2 scrolls of noise {unknown}
 o - 2 scrolls of brand weapon {unknown}
 q - a scroll of blinking {unknown}
 s - a scroll of silence {unknown}
 t - a scroll of torment {unknown}
Potions
 c - 5 potions of lignification {unknown}
 d - 3 potions of heal wounds {unknown}
 h - a potion of brilliance {unknown}
 j - a potion of attraction {unknown}
 n - 7 potions of curing {unknown}
 r - 4 potions of flight {unknown}
 u - a potion of mutation {unknown}


   Skills:
 + Level 7.5 Fighting
 + Level 9.8 Axes
 + Level 8.0 Armour
 + Level 4.1 Dodging
 + Level 1.1 Stealth


You had 8 spell levels left.
You didn't know any spells.
Your spell library was empty.

Dungeon Overview and Level Annotations

Branches:
Dungeon (7/15)             Temple (0/1) D:4

Altars:
Zin

Shops:
D:2 ?


Innate Abilities, Weirdness & Mutations

You have a pair of horns on your head.
You reflexively headbutt those who attack you in melee.


Message History

The steam dragon completely misses you.
The steam dragon claws you but does no damage.
You barely miss the steam dragon.
The steam dragon is almost dead.
You slash the steam dragon!
You kill the steam dragon!
Trog accepts your kill.
The steam dragon scales are intact enough to wear.
You are engulfed in a cloud of scalding steam.
* * * LOW HITPOINT WARNING * * *
Your Armour skill increases to level 8!
You have reached level 9!
Your experience leads to an increase in your attributes!
Increase (S)trength, (I)ntelligence, or (D)exterity?
You feel stronger. x2
You feel a strong urge to attack something.
Things that are here:
a +2 dagger of draining; a +0 leather armour You are no longer berserk.
You are exhausted.
You feel yourself slow down.
Things that are here:
a +0 dagger; a +0 robe A bullfrog comes into view.
The bullfrog hits you but does no damage.
The bullfrog barely misses you. x2; The sky beast flickers out of sight!
Deactivating autopickup; reactivate with Ctrl-A.
The bullfrog hits you but does no damage.
The bullfrog barely misses you.
There is a stone staircase leading up here.
The bullfrog hits you.
* * * LOW HITPOINT WARNING * * *
The bullfrog misses you.
The bullfrog hits you but does no damage.
You fly upwards.
Reactivating autopickup.
There is a stone staircase leading down here.
You closely miss the bullfrog. Your headbutt misses the bullfrog.
The bullfrog hits you.
You die...

#######..................
#....#######............
#..........#............
#..........#####.....>..
#..............#........
####'##....##..#........
#....##....##.)#####....
#.....#.....#......#....
#.....#@F...#......#####
########.##.###.######..#
#....###'##.###.##..##..#
#....#..................#
#....#..............##..#
#....#..............##..#
#....#......))...........
#.........[.)............
#......#'########...##...


You could see a bullfrog.

Vanquished Creatures
  Sigmund (D:4)
  Eustachio (D:4)
  A steam dragon (D:7)
  An ice beast (D:6)
  A black bear (D:6)
  An ogre (D:4)
  2 centaurs
  3 phantoms
  A bullfrog (D:6)
  3 scorpions
  3 hounds
  A jelly (D:5)
  3 orc priests
  2 sleepcaps
  Crazy Yiuf (D:4)
  2 iguanas
  2 gnoll boudas
  4 orc wizards
  Robin (D:3)
  10 gnolls
  5 adders
  2 ufetubi (D:5)
  A dart slug (D:3)
  A worm (D:2)
  15 orcs
  8 endoplasms
  2 giant cockroaches
  17 goblins
  10 hobgoblins
  A quokka (D:5)
  7 ball pythons
  5 bats
  4 frilled lizards
  2 kobolds
  A rat (D:2)
125 creatures vanquished.

Vanquished Creatures (others)
  An orc priest (D:7)
1 creature vanquished.

Grand Total: 126 creatures vanquished

Notes
Turn   | Place    | Note
-------+----------+-------------------------------------------
     0 | D:1      | Wiggles the Minotaur Berserker began the quest for the Orb.
     0 | D:1      | Reached XP level 1. HP: 19/19 MP: 0/0
   168 | D:1      | Reached XP level 2. HP: 27/27 MP: 1/1
   211 | D:1      | Reached skill level 4 in Axes
   604 | D:1      | Reached ** piety under Trog
   605 | D:1      | Reached XP level 3. HP: 30/34 MP: 2/2
   935 | D:2      | Found a faded altar of an unknown god.
  1043 | D:2      | Found The Oracle's Delphic Readings.
  1047 | D:2      | Bought a scroll of enchant weapon for 75 gold pieces
  1364 | D:2      | Bought a scroll of enchant weapon for 75 gold pieces
  1387 | D:3      | Reached XP level 4. HP: 29/41 MP: 3/3
  1468 | D:3      | Reached skill level 5 in Fighting
  1468 | D:3      | Reached skill level 5 in Axes
  1581 | D:3      | Noticed Robin
  1605 | D:3      | Killed Robin
  1605 | D:3      | Reached *** piety under Trog
  1606 | D:3      | Reached XP level 5. HP: 17/44 MP: 4/4
  2218 | D:4      | Reached skill level 6 in Axes
  2218 | D:4      | Reached XP level 6. HP: 53/56 MP: 5/5
  2282 | D:4      | Noticed Sigmund
  2294 | D:4      | Killed Sigmund
  2295 | D:4      | Reached XP level 7. HP: 50/62 MP: 6/6
  2364 | D:4      | Found a staircase to the Ecumenical Temple.
  2406 | D:4      | Reached skill level 7 in Axes
  2406 | D:4      | Reached skill level 5 in Armour
  2609 | D:4      | Found a glowing silver altar of Zin.
  2673 | D:4      | Found a runed translucent door.
  2674 | D:4      | Noticed Crazy Yiuf
  2723 | D:4      | Killed Crazy Yiuf
  3153 | D:4      | Noticed Eustachio
  3190 | D:4      | Killed Eustachio
  3271 | D:4      | Reached skill level 1 in Stealth
  3594 | D:5      | Entered Level 5 of the Dungeon
  3800 | D:5      | Reached skill level 8 in Axes
  3800 | D:5      | Reached XP level 8. HP: 62/70 MP: 7/7
  4041 | D:5      | Identified the +6 mace of True Grit {venom, rF+}
  4975 | D:6      | Reached skill level 9 in Axes
  5644 | D:7      | Reached XP level 9. HP: 5/74 MP: 8/8
  5650 | D:7      | HP: 1/74 [bullfrog (5)]
  5652 | D:6      | Slain by a bullfrog

Illustrated notes

Levels and vault maps discovered:
D:1:      dpeg_arrival_concentric_ovals, layout_basic
D:2:      layout_rooms, hellmonk_ecumenical_altar_run_dry,
          nicolae_nh_oracle_at_delphi
D:3:      layout_rooms, uniq_robin
D:4:      layout_gridville, zin_treasury, temple_fountains, uniq_sigmund,
          uniq_crazy_yiuf_cottage, uniq_eustachio
D:5:      layout_gridville, minivault_5
D:6:      layout_gridville, minmay_misc_feat_columns
D:7:      layout_cave_pools, lemuel_round_altar, kennysheep_mini,
          roderic_batcave, minmay_misc_feat_tiny, hangedman_misty_isle

Skill      XL: |  1  2  3  4  5  6  7  8 |
---------------+-------------------------+-----
Fighting       | 4 5 6 7 |  7.5
Axes           | 4 5 6 8 9 |  9.8
Armour         | 3 4 6 8 |  8.0
Dodging        | 3 4 |  4.1
Stealth        | 1 |  1.1

Action                     |  1- 3 |  4- 6 |  7- 9 || total
---------------------------+-------+-------+-------++-------
  Melee: Hand axe          |    78 |    90 |   192 ||   360
         Headbutt          |     9 |    14 |    45 ||    68
 Invoke: Berserk           |       |     3 |     5 ||     8
   Stab: Distracted        |       |     1 |       ||     1
 Armour: Animal skin       |    10 |       |       ||    10
         Chain mail        |    12 |    61 |   146 ||   219
         Ring mail         |     6 |       |       ||     6
  Dodge: Dodged            |    38 |    41 |   122 ||   201
